AoeStats
← [ITCF]TANK

Coastal Forest

503165790Analyzed
4v4 RM · 1mo ago on Aug 30, 2026· 43m 54s· 8 players
Game mode
Random Map
Map size
Large (8 player)
Population
200
Speed
Normal
Resources
Standard
Victory
Conquest
Starting age
Dark Age
Ending age
Imperial Age
RankedLock teamsTeams togetherTeam positionsShared explorationLock speedFull tech treeHidden civsTurbo modeCheats
Victory
Defeat
🇨🇳 Vietnamese · China
1456
+12
🇨🇳 Burmese · China
1412
+14
🇨🇳 Persians · China
1363
+17
🇲🇽 Mongols · Mexico
1355
+17
🇹🇼 Berbers · Taiwan
1430
-18
🇹🇼 Dravidians · Taiwan
1374
-15
🇹🇼 Poles · Taiwan
1374
-15
🇹🇼 Spanish · Taiwan
1321
-13
[ITCF]Hentai
0:40 Loom
14:13 Feudal Age
14:42 Double-Bit Axe
15:25 Town Watch
17:35 Horse Collar
22:25 Fletching
23:49 Stone Mining
30:40 Castle Age
30:14 Padded Archer Armor
30:47 Crossbowman
31:26 Bodkin Arrow
31:46 Leather Archer Armor
40:06 Thumb Ring
40:45 Ballistics
42:04 Wheelbarrow
[ITCF]yuli
9:44 Loom
11:55 Feudal Age
15:39 Castle Age
13:46 Double-Bit Axe
14:15 Town Watch
15:57 Forging
17:11 Medium Warships
17:51 Iron Casting
22:48 Clinker Construction
22:50 Careening
23:42 Gold Mining
30:43 Bow Saw
34:15 Wheelbarrow
38:31 Imperial Age
36:23 Fletching
36:34 Padded Archer Armor
36:56 Ballistics
36:47 Masonry
36:51 Medical Corps
37:00 Bodkin Arrow
37:50 Thumb Ring
38:02 Leather Archer Armor
38:18 Horse Collar
39:30 Hand Cart
39:18 Bracer
39:49 Ring Archer Armor
39:41 Conscription
38:55 Elite Elephant Archer
40:23 Pikeman
41:04 Squires
41:05 Scale Mail Armor
41:42 Husbandry
43:02 Chemistry
42:24 Halberdier
43:05 Squires
[ITCF]TANK
11:42 Feudal Age
12:41 Double-Bit Axe
15:09 Castle Age
16:10 Bow Saw
18:38 Gold Mining
19:31 Loom
23:12 Horse Collar
25:24 Padded Archer Armor
26:42 Leather Archer Armor
27:46 Heavy Plow
29:56 Wheelbarrow
30:11 Husbandry
30:21 Bloodlines
32:59 Stone Mining
34:17 Hand Cart
33:51 Town Watch
36:26 Stone Shaft Mining
39:03 Imperial Age
38:32 Fletching
38:43 Scale Mail Armor
38:53 Forging
39:56 Caravan
40:41 Bodkin Arrow
41:17 Ring Archer Armor
41:04 Chain Mail Armor
41:24 Iron Casting
40:16 Pikeman
40:56 Squires
40:42 Arson
41:53 Conscription
41:53 Bracer
42:29 Plate Mail Armor
41:22 Halberdier
42:15 Elite Skirmisher
43:01 Thumb Ring
44:02 Blast Furnace
麻糬
6:04 Loom
9:10 Feudal Age
11:32 Forging
17:12 Horse Collar
17:19 Double-Bit Axe
25:45 Castle Age
24:41 Scale Barding Armor
24:48 Bloodlines
27:14 Chain Barding Armor
31:27 Iron Casting
34:09 Wheelbarrow
37:24 Bow Saw
37:16 Heavy Plow
37:50 Hand Cart
lanni
10:43 Feudal Age
9:00 Loom
12:03 Double-Bit Axe
14:43 Castle Age
12:36 Horse Collar
13:57 Gold Mining
14:33 Fletching
16:21 Fletching
19:39 Wheelbarrow
20:10 Bodkin Arrow
22:23 Bow Saw
23:36 Bloodlines
23:26 Husbandry
23:59 Ballistics
25:42 Town Watch
26:23 Padded Archer Armor
27:40 Leather Archer Armor
30:15 Thumb Ring
39:29 Imperial Age
39:32 Heavy Cavalry Archer
41:15 Chemistry
40:34 Bracer
42:03 Hand Cart
Not noob.Just tired.
11:35 Feudal Age
15:22 Castle Age
13:39 Double-Bit Axe
16:00 Medium Warships
16:57 Wheelbarrow
16:58 Forging
18:14 Bow Saw
18:01 Loom
20:44 Iron Casting
27:21 Horse Collar
27:41 Fletching
27:58 Gold Mining
29:59 Town Watch
30:33 Bodkin Arrow
34:48 Imperial Age
32:26 Scale Barding Armor
33:05 Gold Shaft Mining
32:51 Bloodlines
32:42 Husbandry
34:48 Cavalier
35:52 Chain Barding Armor
35:49 Stone Mining
37:08 Plate Barding Armor
36:13 Savar
39:34 Blast Furnace
Morfeo
2:36 Loom
10:13 Feudal Age
11:06 Double-Bit Axe
16:58 Fletching
19:04 Horse Collar
20:03 Wheelbarrow
21:16 Padded Archer Armor
24:23 Castle Age
22:46 Gold Mining
24:10 Stone Mining
25:10 Bodkin Arrow
26:09 Bow Saw
28:22 Thumb Ring
33:54 Town Watch
35:09 Ballistics
37:04 Gold Shaft Mining
37:04 Stone Shaft Mining
37:59 Hand Cart
41:53 Bloodlines
41:44 Husbandry
44:39 Imperial Age
爱烤番薯的机长
9:17 Feudal Age
8:26 Loom
13:26 Horse Collar
15:52 Wheelbarrow
22:29 Castle Age
21:04 Scale Barding Armor
21:11 Gold Mining
21:59 Forging
23:01 Bloodlines
23:54 Chain Barding Armor
26:03 Town Watch
29:15 Husbandry
30:58 Hand Cart
32:52 Iron Casting
36:49 Gold Shaft Mining
40:24 Imperial Age
38:12 Fortified Wall
38:40 Stone Mining
41:40 Guilds
42:17 Plate Barding Armor
43:08 Howdah
43:29 Conscription
42:31 Elite Battle Elephant
44:12 Blast Furnace
Connection lost

Rejoining the realm…

Still unreachable

The connection could not be restored.

Session expired

The server has moved on; the page needs a fresh start.